 Dungeon Crawl Stone Soup version 0.30.1-9-gdf580d7c3d (webtiles) character file.

Game seed: 1567334168051211985

1292 Ninjinzu the Purveyor of Pain (level 8, 0/53 HPs)
             Began as a Demonspawn Necromancer on Oct 8, 2023.
             Was an Initiate of Kikubaaqudgha.
             Slain by eliilek's ghost (3 damage)
             ... on level 7 of the Dungeon.
             The game lasted 00:24:00 (6641 turns).

Ninjinzu the Purveyor of Pain (DsNe)                Turns: 6641, Time: 00:24:01

Health: 0/53       AC: 16    Str: 10    XL:     8   Next: 30%
Magic:  18/18      EV: 12    Int: 18    God:    Kikubaaqudgha [......]
Gold:   276        SH:  0    Dex: 13    Spells: 19/20 levels left

rFire   . . .        n - +0 short sword (protect)
rCold   . . .        (no shield)
rNeg    . . .        v - +0 robe
rPois   +            h - +0 hat
rElec   .            (no cloak)
rCorr   +            x - +0 pair of gloves of Xequshaz {+Blink Stlth+}
SInv    .            (no boots)
Will    .....        o - amulet of regeneration
Stlth   +++          i - ring of poison resistance
HPRegen 1.08/turn    p - ring of resist corrosion
MPRegen 0.16/turn

%: no passive effects
@: sanguine armoured, under a protective aura
A: antennae 1, powered by pain 1, spiny 1, sanguine armour 1
a: Renounce Religion, Evoke Blink


You were on level 7 of the Dungeon.
You worshipped Kikubaaqudgha.
Kikubaaqudgha was noncommittal.
You visited 2 branches of the dungeon, and saw 8 of its levels.

You collected 276 gold pieces.

Inventory:

Hand Weapons
 n - a +0 short sword of protection (weapon)
 r - a +2 dagger of draining
Armour
 h - a +0 hat (worn)
 v - a +0 robe (worn)
 x - the +0 pair of gloves of Xequshaz (worn) {+Blink Stlth+}
   (You found it on level 5 of the Dungeon)

   +Blink:    It lets you blink.
   Stlth:     It makes you more stealthy.
Jewellery
 i - a ring of poison resistance (left hand)
 o - an amulet of regeneration (around neck)
 p - a ring of resist corrosion (right hand)
 q - a ring of wizardry
Wands
 t - a wand of quicksilver (9)
 C - a wand of flame (19)
 D - a wand of iceblast (5)
Scrolls
 c - 2 scrolls of amnesia {unknown}
 j - 5 scrolls of identify {unknown}
 k - 3 scrolls of magic mapping {unknown}
 l - 3 scrolls of blinking {unknown}
 m - 6 scrolls of teleportation {unknown}
 s - a scroll of enchant weapon {unknown}
 y - a scroll of noise {unknown}
 A - a scroll of fear {unknown}
Potions
 a - a potion of lignification {unknown}
 b - a potion of magic
 d - a potion of flight {unknown}
 e - 3 potions of brilliance {unknown}
 f - 7 potions of curing
 g - 2 potions of might {unknown}
 u - a potion of attraction {unknown}
 w - a potion of mutation {unknown}
 z - 2 potions of haste {unknown}
 B - a potion of invisibility {unknown}
 E - a potion of experience {unknown}


   Skills:
 + Level 0.7 Fighting
 + Level 1.0 Short Blades
 + Level 2.7 Dodging
 + Level 2.1 Stealth
 + Level 6.7 Spellcasting
 + Level 8.3 Necromancy


You had 19 spell levels left.
You knew the following spells:

 Your Spells              Type           Power      Damage    Failure   Level
a - Necrotise             Necr           100%       1d9       1%          1

Your spell library contained the following spells:

 Spells                   Type           Power      Damage    Failure   Level
 Vampiric Draining        Necr           36%        2d8       1%          3
 Animate Dead             Necr           36%        N/A       3%          4
 Agony                    Necr           36%        N/A       10%         5


Dungeon Overview and Level Annotations

Branches:
Dungeon (7/15)             Temple (1/1) D:5

Altars:
Ashenzari
Cheibriados
Dithmenos
Gozag
Hepliaklqana
Kikubaaqudgha
Makhleb
Okawaru
Qazlal
Ru
Sif Muna
Trog
Vehumet
Wu Jian
Xom
Yredelemnul

Annotations:
D:7 eliilek's ghost, novice MiFi


Innate Abilities, Weirdness & Mutations

You have a pair of small antennae on your head.
You sometimes gain a little power by taking damage.
You are partially covered in sharp spines.
When seriously injured, your blood forms armour. (AC +6)


Message History

Okay, then.
Eliilek's ghost barely misses you. Eliilek's ghost hits you.
Eliilek's ghost barely misses you.
Eliilek's ghost attacks as you move away!
Eliilek's ghost hits you.
* * * LOW HITPOINT WARNING * * *
You feel stable enough to blink again.
Eliilek's ghost says, "They lied to you.
The Dungeon just goes down and down forever."
Eliilek's ghost lets out a mournful wail.
Casting: Necrotise (safe; 1% risk of failure)
Confirm with . or Enter, or press ? or * to list all spells.
Okay, then.
Aiming: Necrotise (safe; 1% risk of failure)
Press: ? - help, Q - select action, (/) - cycle Shift-Dir - straight line, f/p - eliilek's ghost
Aim: eliilek's ghost (lightly damaged, not susceptible) Eliilek's ghost is unaffected.
Eliilek's ghost hits you!
You hit eliilek's ghost but do no damage.
Your weapon exudes an aura of protection.
Eliilek's ghost is lightly damaged.
Eliilek's ghost hits you but does no damage.
You hit eliilek's ghost but do no damage.
Eliilek's ghost is lightly damaged.
Eliilek's ghost closely misses you.
You hit eliilek's ghost.
Eliilek's ghost is lightly damaged.
Eliilek's ghost hits you!
* * * LOW HITPOINT WARNING * * *
You hit eliilek's ghost.
Eliilek's ghost is lightly damaged.
Eliilek's ghost hits you!
* * * LOW HITPOINT WARNING * * *
Eliilek's ghost attacks as you move away!
Eliilek's ghost is struck by your spines.
Eliilek's ghost closely misses you.
Eliilek's ghost attacks as you move away!
Eliilek's ghost hits you.
You die...
Kikubaaqudgha rasps: "You have failed me!
Welcome... death!"

#.....###........#.#
#.....# #...#....#.#
###.....# #.#..##..#.#
+......####.##..#..#.#
####........###.#..#.#
#.....#### #....#.#
#.....# ###..#.#
###########.....#
#..#.#
##..........W@...#
##.#..
#.........########
>### #.........# .
#.......).# ##
###.####+## #ยง##.#.##
# ##โ‰ˆ..#..# .+
$..~.#..###.#
#.โ‰ˆ#โ‰ˆ'......#


You could see eliilek's ghost.

Vanquished Creatures
  A water moccasin (D:5)
  A black bear (D:5)
  A centaur (D:5)
  A phantom (D:6)
  3 scorpions
  5 jellies
  2 orc priests (D:5)
  2 hounds
  3 sleepcaps
  2 iguanas
  An orc wizard (D:4)
  13 gnolls
  4 adders
  2 worms
  2 dart slugs
  9 orcs
  5 bats
  4 endoplasms
  4 giant cockroaches
  14 goblins
  13 hobgoblins
  8 kobolds
  7 quokkas
  8 ball pythons
  2 frilled lizards (D:3)
  7 rats
124 creatures vanquished.

Vanquished Creatures (collateral kills)
  A howler monkey (D:6)
  A gnoll (D:3)
  A bat (D:2)
  A frilled lizard (D:3)
  A goblin (D:2)
5 creatures vanquished.

Vanquished Creatures (others)
  An orc wizard (D:4)
1 creature vanquished.

Grand Total: 130 creatures vanquished

Notes
Turn   | Place    | Note
-------+----------+-------------------------------------------
     0 | D:1      | Ninjinzu the Demonspawn Necromancer began the quest for the
                  | Orb.
     0 | D:1      | Reached XP level 1. HP: 13/13 MP: 3/3
   234 | D:1      | Gained mutation: When seriously injured, your blood forms
                  | armour. (AC +6) [demonic ancestry]
   234 | D:1      | Reached XP level 2. HP: 8/19 MP: 0/5
   828 | D:1      | Reached skill level 5 in Necromancy
  1102 | D:1      | Reached XP level 3. HP: 24/24 MP: 2/6
  1700 | D:2      | Found a broken altar of Ashenzari.
  2318 | D:3      | Reached XP level 4. HP: 29/30 MP: 5/8
  2997 | D:3      | Gained mutation: You have a pair of small antennae on your
                  | head. [demonic ancestry]
  2997 | D:3      | Reached XP level 5. HP: 35/35 MP: 6/10
  3432 | D:4      | Reached skill level 6 in Necromancy
  3502 | D:4      | Reached XP level 6. HP: 41/41 MP: 6/12
  3970 | D:4      | Found a shimmering altar of Xom.
  3971 | D:4      | Found a bloodstained altar of Trog.
  3972 | D:4      | Found a hazy altar of Hepliaklqana.
  4261 | D:5      | Entered Level 5 of the Dungeon
  4298 | D:5      | Noticed a water moccasin
  4308 | D:5      | Killed a water moccasin
  4309 | D:5      | Reached skill level 5 in Spellcasting
  4379 | D:5      | Gained mutation: You are partially covered in sharp spines.
                  | [demonic ancestry]
  4379 | D:5      | Reached XP level 7. HP: 47/47 MP: 9/14
  4442 | D:5      | Found a stormy altar of Qazlal.
  4481 | D:5      | Reached skill level 7 in Necromancy
  4560 | D:5      | Found a staircase to the Ecumenical Temple.
  4565 | D:5      | Identified the +0 pair of gloves of Xequshaz {+Blink
                  | Stlth+}
  5220 | Temple   | Entered the Ecumenical Temple
  5338 | Temple   | Became a worshipper of Kikubaaqudgha
  5922 | D:6      | Gained mutation: You sometimes gain a little power by
                  | taking damage. [demonic ancestry]
  5922 | D:6      | Reached XP level 8. HP: 53/53 MP: 10/17
  6013 | D:6      | Reached skill level 8 in Necromancy
  6410 | D:6      | Identified the +0 helmet of the Eagle {Dex+2}
  6537 | D:7      | Reached skill level 1 in Short Blades
  6590 | D:7      | Found a large runed translucent door.
  6594 | D:7      | Found a large runed translucent door.
  6597 | D:7      | Noticed eliilek's ghost (novice MiFi)
  6638 | D:7      | HP: 1/53 [eliilek's ghost (11)]
  6641 | D:7      | Slain by eliilek's ghost

Illustrated notes

Levels and vault maps discovered:
D:1:      spicycebolla_green_bress_n_ham, layout_basic
D:2:      layout_loops_ring, basic_altar
D:3:      layout_loops_ring, hangedman_decor_riveting, minmay_goblin_outpost
D:4:      layout_basic, mainiacjoe_overflow_alcove_3, serial_bayou_crossing
D:5:      layout_loops_corners, mainiacjoe_overflow_concentric_impassable,
          minmay_temple_entry_mini_moons
D:6:      layout_rooms
D:7:      layout_basic, mainiacjoe_overflow_24_doors,
          ebering_ghost_disaster_area, uniq_pikel
Temple:   eino_narrow_crystal_temple

Skill      XL: |  1  2  3  4  5  6  7  8 |
---------------+-------------------------+-----
Necromancy     | 5 6 7 8 |  8.3
Dodging        | 2 |  2.7
Spellcasting   | 3 4 5 6 |  6.7
Stealth        | 2 |  2.1
Short Blades   | 1 |  1.0
Fighting       | |  0.7

Action                     |  1- 3 |  4- 6 |  7- 9 || total
---------------------------+-------+-------+-------++-------
  Melee: Unarmed           |    25 |     6 |       ||    31
         Short sword       |       |    38 |    42 ||    80
         Punch             |       |     1 |     1 ||     2
   Cast: Necrotise         |    93 |   110 |    99 ||   302
Ability: Evoke Blink       |       |       |     1 ||     1
    Use: Potion            |       |     1 |       ||     1
 Armour: Robe              |     9 |    27 |    11 ||    47
  Dodge: Dodged            |    33 |    68 |    35 ||   136
